 Dungeon Crawl Stone Soup version 0.20-a0-351-gc9b4002 (webtiles) character file.

119 bumaa the Poker (level 5, 0/47 HPs)
             Began as a Hill Orc Berserker on Dec 25, 2016.
             Was a Believer of Trog.
             Slain by a scorpion (5 damage)
             ... on level 4 of the Dungeon.
             The game lasted 00:31:08 (3056 turns).

bumaa the Poker (Hill Orc Berserker)                Turns: 3056, Time: 00:31:09

Health: 0/47       AC:  3    Str: 21    XL:     5   Next: 3%
Magic:  0/5        EV: 11    Int:  7    God:    Trog [**....]
Gold:   120        SH:  0    Dex: 10    Spells: 4/4 levels left

rFire  . . .     SeeInvis .     c - +0 hunting sling (curse)
rCold  . . .     Gourm    .     B - +0 leather armour
rNeg   . . .     Faith    .     (no shield)
rPois  .         Spirit   +     (no helmet)
rElec  .         Reflect  .     (no cloak)
rCorr  .         Harm     .     (no gloves)
MR     .....                    (no boots)
Stlth  +.........               x - amulet of guardian spirit
                                (no ring)
                                (no ring)

@: lethally poisoned (0 -> -1)
A: no striking features
a: Berserk, Trog's Hand, Burn Spellbooks, Renounce Religion


You were on level 4 of the Dungeon.
You worshipped Trog.
Trog was pleased with you.
You were not hungry.

You visited 1 branch of the dungeon, and saw 4 of its levels.

You collected 120 gold pieces.

Inventory:

Hand Weapons
 a - a +1 spear
 c - a cursed +0 hunting sling (weapon)
 e - a +0 dagger
 f - a +0 club
 i - a +0 whip
 j - a +0 dagger
 k - a +0 club
 l - a +0 short sword
 u - a +0 short sword
 v - a +0 whip
 y - a +1 dagger of speed
 z - a +2 dagger of venom
 A - a +3 whip of distortion
Missiles
 d - 11 arrows
 g - 78 stones (quivered)
 w - 6 poisoned needles
Armour
 b - a +0 animal skin
 B - a +0 leather armour (worn)
Jewellery
 x - an amulet of guardian spirit (around neck)
Scrolls
 m - a scroll of fog
 q - 2 scrolls of enchant weapon
 r - a scroll of teleportation
 s - a scroll of identify
Potions
 h - a potion of flight
 n - a potion of brilliance {unknown}
 o - a potion of agility {unknown}
 p - a potion of berserk rage


   Skills:
 * Level 4.8 Fighting
 * Level 5.0 Polearms
 + Level 0.1 Throwing
 * Level 2.5 Armour
 - Level 1.7 Dodging


You had 4 spell levels left.
You didn't know any spells.

Dungeon Overview and Level Annotations

Branches:
Dungeon (4/15)
 Temple: D:4-7

Altars:
Xom


Message History

Aim: a scorpion (lightly wounded)
You shoot a stone.
The stone hits the scorpion but does no damage.
The scorpion is lightly wounded.
You feel sick. The scorpion barely misses you. The scorpion stings you.
You are too injured to fight recklessly!
You are too injured to fight recklessly!
You feel sick. The scorpion stings you.
You clumsily bash the scorpion but do no damage.
The scorpion is lightly wounded.
The scorpion stings you. The scorpion stings you!
* * * LOW HITPOINT WARNING * * *
You clumsily bash the scorpion but do no damage.
The scorpion is lightly wounded.
You feel sick. The scorpion stings you.
* * * LOW HITPOINT WARNING * * *
You clumsily bash the scorpion but do no damage.
The scorpion is lightly wounded.
The scorpion stings you.
You die...

#$....... +........
#........ #........
#........ #........
##############........
#...(......@s'(....((.
#.############........
#.....# #########
#####.# #.# #<# ###


You could see a scorpion.

Vanquished Creatures
  A gnoll (D:1)
  5 adders (D:3)
  An adder skeleton (D:3)
  2 worms
  2 dart slugs (D:1)
  A leopard gecko (D:3)
  5 orcs (D:3)
  A ball python (D:3)
  7 goblins
  6 hobgoblins
  5 bats
  2 frilled lizards
  8 kobolds
  2 rats
48 creatures vanquished.

Notes
Turn   | Place    | Note
-------+----------+-------------------------------------------
     0 | D:1      | bumaa the Hill Orc Berserker began the quest for the Orb.
     0 | D:1      | Reached XP level 1. HP: 19/19 MP: 1/1
   138 | D:1      | Reached XP level 2. HP: 23/27 MP: 2/2
   426 | D:1      | Reached skill level 4 in Polearms
   604 | D:1      | Found a shimmering altar of Xom.
   607 | D:1      | Found a sparkling altar of Nemelex Xobeh.
   607 | D:1      | Found an ancient bone altar of Kikubaaqudgha.
   614 | D:1      | Reached XP level 3. HP: 33/33 MP: 3/3
   615 | D:1      | Found an opulent altar of Gozag.
   615 | D:1      | Found a hazy altar of Hepliaklqana.
   615 | D:1      | Found a hide-covered altar of Uskayaw.
  2149 | D:3      | Reached ** piety under Trog
  2151 | D:3      | Reached XP level 4. HP: 28/41 MP: 4/4
  2958 | D:3      | Reached skill level 5 in Polearms
  2998 | D:3      | Reached XP level 5. HP: 39/47 MP: 5/5
  3056 | D:4      | Slain by a scorpion

Vault maps used:
D:1:      lemuel_arrival_funnel, doesnt_xom_only_xom
D:2:      kb_forest_paths
D:3:      amethyst_overflow_temple_binary
D:4:      tgw_trog, lemuel_round_altar

Skill      XL: |  1  2  3  4 |
---------------+-------------+-----
Fighting       | 4 |  4.8
Polearms       | 4 5 |  5.0
Throwing       | |  0.1
Armour         | |  2.5
Dodging        | |  1.7

Action                   |  1- 3 |  4- 6 || total
-------------------------+-------+-------++-------
Melee: Spear             |   130 |    89 ||   219
       Hunting sling     |       |     4 ||     4
 Fire: Hunting sling     |       |     7 ||     7
Throw: Stone             |    10 |     1 ||    11
Invok: Berserk           |       |     1 ||     1
  Use: Scroll            |     2 |     2 ||     4
       Potion            |     2 |       ||     2
 Stab: Sleeping          |     1 |       ||     1
  Eat: Bread ration      |     1 |     1 ||     2
Armor: Animal skin       |    12 |     1 ||    13
       Leather armour    |       |    16 ||    16
Dodge: Dodged            |    68 |    53 ||   121
